 Dungeon Crawl Stone Soup version 0.29.0 (webtiles) character file.

Game seed: 9282474305493758201

57 slphil the Grave Robber (level 3, -4/27 HPs)
             Began as a Demonspawn Necromancer on Aug 25, 2022.
             Slain by Grinder (6 damage)
             ... on level 3 of the Dungeon.
             The game lasted 00:04:14 (2217 turns).

slphil the Grave Robber (Demonspawn Necromancer)    Turns: 2217, Time: 00:04:14

Health: -4/27      AC:  5    Str:  8    XL:     3   Next: 73%
Magic:  7/7        EV: 12    Int: 18    God:
Gold:   43         SH:  0    Dex: 13    Spells: 6/7 levels left

rFire   . . .      SeeInvis +   m - +3 dagger
rCold   . . .      Faith    .   (no shield)
rNeg    . . .      Spirit   .   a - +0 robe
rPois   .          Reflect  .   l - +0 helmet {SInv}
rElec   .          Harm     .   (no cloak)
rCorr   .          Rampage  .   (no gloves)
Will    .....                   (no boots)
Stlth   ++........              (no amulet)
HPRegen 0.09/turn               (no ring)
MPRegen 0.10/turn               (no ring)

@: no status effects
A: icy blue scales 1, foul stench 1
a: no special abilities


You were on level 3 of the Dungeon.
You visited 1 branch of the dungeon, and saw 3 of its levels.

You collected 158 gold pieces.
You spent 115 gold pieces at shops.

Inventory:

Hand Weapons
 c - a +0 dagger
 m - a +3 dagger (weapon)
Armour
 a - a +0 robe (worn)
 l - a +0 helmet of see invisible (worn)
Scrolls
 d - a scroll of identify {unknown}
 e - 2 scrolls of teleportation {unknown}
 f - a scroll of amnesia {unknown}
 g - 4 scrolls of torment {unknown}
 h - a scroll of blinking {unknown}
 i - a scroll of noise {unknown}
 k - a scroll of enchant armour {unknown}
Potions
 b - 2 potions of magic
 j - a potion of mutation {unknown}


   Skills:
 + Level 1.8 Fighting
 - Level 1.7 Dodging
 - Level 1.7 Stealth
 + Level 2.7 Spellcasting
 + Level 5.0 Necromancy


You had 6 spell levels left.
You knew the following spells:

 Your Spells              Type           Power      Damage    Failure   Level
a - Necrotise             Necr           80%        1d8       2%          1

Your spell library contained the following spells:

 Spells                   Type           Power      Damage    Failure   Level
 Vampiric Draining        Necr           20%        2d7       6%          3
 Magic Dart               Conj           8%         1d3       17%         1
 Animate Dead             Necr           20%        N/A       22%         4
 Call Imp                 Summ           2%         N/A       26%         2
 Ensorcelled Hibernation  Hex/Ice        4%         N/A       26%         2
 Passwall                 Tmut/Erth      1%         N/A       26%         2
 Mephitic Cloud           Conj/Pois/Air  2%         N/A       45%         3
 Swiftness                Air            2%         N/A       45%         3
 Agony                    Necr           20%        N/A       52%         5
 Hailstorm                Conj/Ice       2%         3d3       86%         4
 Ice Form                 Ice/Tmut       2%         N/A       86%         4
 Simulacrum               Ice/Necr       5%         N/A       100%        6


Dungeon Overview and Level Annotations

Branches:
Dungeon (3/15)

Altars:
Dithmenos

Shops:
D:2 !:?[

Annotations:
D:3 Grinder


Innate Abilities, Weirdness & Mutations

You are partially covered in icy blue scales. (AC +2)
You may rarely emit foul miasma when damaged in melee.


Message History

You kill the goblin!
The dead are walking!
Your Necromancy skill increases to level 5!
You swap places.
You see here a +0 dagger.
You see here a +3 dagger.
A kobold comes into view.
It is wielding a +0 club and quivering poisoned darts.
Found an escape hatch in the floor.
The kobold shouts!
You hear a shout!
The kobold throws a poisoned dart.
The poisoned dart closely misses you.
The kobold writhes in agony.
You kill the kobold!
The dead are walking!
Your goblin skeleton crumbles into dust!
You can't see any susceptible monsters within range! (Use Z to cast anyway.) Search for what [? for help]? dagger Your kobold skeleton suddenly stops moving!
You see here a +3 dagger.
m - a +3 dagger
m - a +3 dagger (weapon)
Grinder comes into view.
Okay, then.
You barely miss Grinder. Grinder barely misses you.
You hit Grinder but do no damage. Grinder gestures at you.
You suddenly lose the ability to move!
Grinder hits you but does no damage. Grinder gestures at you.
You barely resist. Grinder hits you.
You writhe in agony.
Grinder gestures at you. Pain shoots through your body!
Ouch! That really hurt!
* * * LOW HITPOINT WARNING * * *
You can move again.
Unknown command.
You hit Grinder but do no damage. Grinder hits you.
* * * LOW HITPOINT WARNING * * *
You barely miss Grinder. Grinder hits you.
You die...

..#.###. #....##.#####
........###.......##
##.......#.........##
##.... #............######
.....###........).......#
.##...###................#
#........................#
#.............#..........#
....:.....>....5@........#
.............###.........#
.)...........# #.........#
.............# #.........#
........###### ###########
.......## .......#
.......# ########


You could see Grinder.

Vanquished Creatures
  A dart slug (D:1)
  An orc (D:3)
  5 ball pythons
  4 bats
  4 endoplasms
  3 goblins
  7 hobgoblins
  5 jackals (D:2)
  4 kobolds
  6 rats
40 creatures vanquished.

Vanquished Creatures (collateral kills)
  An adder (D:2)
1 creature vanquished.

Vanquished Creatures (others)
  3 plants (D:3)
3 creatures vanquished.

Grand Total: 44 creatures vanquished

Notes
Turn   | Place    | Note
-------+----------+-------------------------------------------
     0 | D:1      | slphil the Demonspawn Necromancer began the quest for the
                  | Orb.
     0 | D:1      | Reached XP level 1. HP: 13/13 MP: 3/3
   171 | D:1      | Gained mutation: You are partially covered in icy blue
                  | scales. (AC +2) [demonic ancestry]
   171 | D:1      | Reached XP level 2. HP: 20/20 MP: 1/5
   302 | D:1      | Reached skill level 1 in Fighting
   885 | D:2      | Gained mutation: You may rarely emit foul miasma when
                  | damaged in melee. [demonic ancestry]
   885 | D:2      | Reached XP level 3. HP: 11/26 MP: 0/6
  1091 | D:2      | Found Kyxa's Magic Scroll Shoppe.
  1382 | D:2      | Found Sire's Book Emporium.
  1439 | D:2      | Found a faded altar of an unknown god.
  1527 | D:2      | Found a shadowy altar of Dithmenos.
  1675 | D:2      | Found Vihob's Armour Shoppe.
  1684 | D:2      | Bought a +0 helmet of see invisible for 115 gold pieces
  1837 | D:2      | Found Itili's Distillery.
  2154 | D:3      | Reached skill level 5 in Necromancy
  2207 | D:3      | Noticed Grinder
  2211 | D:3      | Paralysed by Grinder for 5 turns
  2217 | D:3      | Slain by Grinder

Illustrated notes

Levels and vault maps discovered:
D:1:      dpeg_arrival_more_subterranean_lakeside_camping, layout_basic
D:2:      layout_loops_ring, basic_altar, serial_shops, nicolae_shop_stone,
          nicolae_shop_competitors_out_of_business, nicolae_shop_stone,
          nicolae_lakefront_shop, hellmonk_ecumenical_altar_blasted,
          grunt_ministairs_5, bh_walls_and_bars
D:3:      layout_rooms, general_overflow_altar, lemuel_crystal_altar,
          chequers_big_river, uniq_grinder

Skill      XL: |  1  2  3 |
---------------+----------+-----
Fighting       | 1 |  1.8
Necromancy     | 5 |  5.0
Dodging        | |  1.7
Stealth        | |  1.7
Spellcasting   | |  2.7

Action                   || total
-------------------------++-------
Melee: Unarmed           ||     3
       Dagger            ||    18
 Cast: Necrotise         ||    70
 Stab: Distracted        ||     1
Armor: Robe              ||     8
Dodge: Dodged            ||    28
